 Dungeon Crawl Stone Soup version 0.19-a0-414-g76fec5b (webtiles) character file.

3206 Leszczynek the Grappler (level 9, -23/73 HPs)
             Began as a Naga Transmuter on May 31, 2016.
             Was a Priest of Hepliaklqana.
             Annihilated by a two-headed ogre
             ... wielding a +0 giant club
              (28 damage)
             ... on level 9 of the Dungeon.
             The game lasted 00:28:54 (8983 turns).

Leszczynek the Grappler (Naga Transmuter)           Turns: 8983, Time: 00:28:55

Health: -23/73     AC:  6    Str: 13    XL:     9   Next: 97%
Magic:  13/16      EV: 15    Int: 16    God:    Hepliaklqana [***...]
Gold:   566        SH:  0    Dex: 17    Spells: 4 memorised, 7 levels left

rFire  . . .     SeeInvis +       - Unarmed
rCold  . . .     Gourm    .     b - +0 robe
rNeg   . . .     Faith    .     (shield currently unavailable)
rPois  +         Spirit   .     s - +0 helmet
rElec  .         Dismiss  .     G - +0 cloak
rCorr  .         Reflect  .     (gloves currently unavailable)
SustAt +         Harm     .     (no barding)
MR     +....                    (no amulet)
Stlth  +++++.....               v - ring of stealth
                                i - ring of sustain attributes

@: agile, blade hands (expiring), very slow, somewhat resistant to hostile
enchantments, quite stealthy
A: see invisible, deformed body, poison resistance, slowness 2, slow metabolism
1, spit poison 2, AC +3
a: Spit Poison, End Transformation, Recall Ancestor, Ancestor Identity,
Transference, Renounce Religion


You were on level 9 of the Dungeon.
You worshipped Hepliaklqana.
Hepliaklqana was most pleased with you.
You were very hungry.
You had blades for hands.
You visited 1 branch of the dungeon, and saw 9 of its levels.
You also visited: Sewer.

You collected 566 gold pieces.

Inventory:

Hand Weapons
 p - a +1 short sword of draining
 A - a +0 flail
 E - a +2 war axe of chopping
Missiles
 a - 148 arrows
 g - 3 throwing nets (quivered)
 u - 7 poisoned javelins
 K - 5 tomahawks
Armour
 b - a +0 robe (worn)
 s - a +0 helmet (worn)
 y - a +0 pair of gloves (melded)
 G - a +0 cloak (worn)
 I - a +1 ring mail of cold resistance
Jewellery
 i - a ring of sustain attributes (left scythe-like blade)
 v - a ring of stealth (right scythe-like blade)
Wands
 h - a wand of confusion (18/48)
 t - a wand of enslavement (14/24)
 x - a wand of slowing (7/48)
 J - a wand of enslavement (19/24)
 L - a wand of flame (17/48)
 M - a wand of digging (13/24)
Scrolls
 e - a scroll of identify
 k - 4 scrolls of remove curse
 l - 4 scrolls of blinking
 o - 2 scrolls of teleportation
 w - 2 scrolls of recharging
 z - 2 scrolls of immolation
 F - a scroll of amnesia
Potions
 f - 2 potions of brilliance
 m - a potion of haste
 n - 6 potions of curing
 r - a potion of resistance
 B - a potion of agility
Books
 c - a book of Changes

   Spells                             Type                      Level
   a - Beastly Appendage              Transmutation                1
   b - Sticks to Snakes               Transmutation                2
   c - Spider Form                    Transmutation/Poison         3
   d - Ice Form                       Ice/Transmutation            4
   e - Blade Hands                    Transmutation                5
Comestibles
 d - 4 bread rations
 j - 4 meat rations
 H - 6 slices of pizza


   Skills:
 - Level 2.1 Fighting
 - Level 1.5 Dodging
 - Level 4.5 Stealth
 + Level 8.4 Unarmed Combat
 + Level 5.0 Spellcasting
 - Level 8.0 Transmutations
 - Level 6.1 Poison Magic


You had 7 spell levels left.
You knew the following spells:

 Your Spells              Type           Power        Failure   Level  Hunger
a - Beastly Appendage     Tmut           ####..       14%         1    None
b - Sticks to Snakes      Tmut           ####....     14%         2    #......
c - Spider Form           Tmut/Pois      ####......   24%         3    ###....
d - Blade Hands           Tmut           ####......   58%         5    ######.


Dungeon Overview and Level Annotations

Branches:
Dungeon (9/15)             Temple (0/1) D:6             Orc (0/2) D:9
   Lair: D:8-11

Altars:
Dithmenos
Gozag
Hepliaklqana
Makhleb
Nemelex Xobeh
Ru
Vehumet
Xom
Zin

Annotations:
D:2 exclusion: bat, Sigmund
D:3 1 exclusion, Grinder, Jessica, Natasha
D:4 exclusion: 3 iron imps, tstbtto's ghost, novice GrCK


Innate Abilities, Weirdness & Mutations

You cannot wear boots.
Your serpentine skin is tough (AC +3).
You have supernaturally acute eyesight. (SInv)
Armour fits poorly on your strangely shaped body.
Your system is resistant to poisons. (rPois)
You cover ground very slowly.
You have a slow metabolism.
You can spit poison.


Message History

Unknown command.
You hit the hobgoblin zombie. The hobgoblin zombie hits you.
Something hits Shatamurrim.
Shatamurrim hits the hobgoblin zombie with a dagger of draining!
The hobgoblin zombie is destroyed!
Evoke which item? (* to show all) (? for menu, Esc to quit)
You have no means to grasp a wand firmly enough.
Unknown command.
You hit the two-headed ogre.
The two-headed ogre is lightly wounded.
The two-headed ogre hits you with a giant club!
The two-headed ogre hits you with a giant spiked club!!
* * * LOW HITPOINT WARNING * * *
Shatamurrim casts a spell at the two-headed ogre.
The two-headed ogre easily resists.
Something hits Shatamurrim but does no damage.
You feel agile all of a sudden. The two-headed ogre closely misses you.
The two-headed ogre hits you with a giant spiked club!!
You die...

....#.#.#..$# ##
.#..#...#$#.## #.
.##..##..#.#.###.#
.#.#..#..h...##..
#.#..#.>..#..#..##
#.##.R..#.#..##..#
.#.#..#.##.....#.#
[#......###..#RO.#
##...#### #.##.#@#
W.R..# ...###..#
##..## ######.###
######## ###.#
.......# #.R.#
.......# #..##
.....).######..#####
.......'.............
.......########.#####


You could see a two-headed ogre, a howler monkey and the friendly Shatamurrim
the hexer.

Vanquished Creatures
  Pikel (D:4)
  Menkaure (D:7)
  A hungry ghost (D:9)
  An orc warrior (D:7)
  A porcupine (D:9)
  2 phantoms (D:9)
  A sky beast (D:6)
  A centaur (D:8)
  3 ogres
  A crocodile (D:9)
  3 giant frogs
  A water moccasin skeleton (D:6)
  3 scorpions
  A killer bee (D:8)
  A howler monkey (D:7)
  A crimson imp (D:7)
  2 hounds
  An orc priest (D:7)
  2 orc wizards
  An iguana (D:6)
  5 worker ants
  2 ogre zombies (D:9)
  A hound skeleton (D:9)
  3 gnolls (D:8)
  9 adders
  A river rat (D:4)
  An ooze (D:2)
  An adder skeleton (D:8)
  3 worms
  2 dart slugs
  3 giant geckos
  5 orcs
  A ball python (D:3)
  5 giant cockroaches
  6 goblins
  8 hobgoblins
  3 quokkas
  6 bats
  A giant gecko zombie (D:5)
  9 giant newts
  2 hobgoblin skeletons (D:9)
  11 kobolds
  6 orc zombies (D:9)
  7 rats
130 creatures vanquished.

Vanquished Creatures (collateral kills)
  A human (D:8)
  A hippogriff (D:8)
  A sky beast (D:6)
  A necrophage (D:6)
  An ogre (D:7)
  A crocodile (D:9)
  A big kobold (D:8)
  2 giant frogs
  2 howler monkeys (D:7)
  2 crimson imps
  2 jellies
  2 orc priests (D:8)
  A centaur skeleton (D:4)
  Crazy Yiuf (D:7)
  An orc wizard (D:6)
  A worker ant (D:4)
  2 ogre zombies (D:9)
  4 adders
  A shadow imp (D:7)
  A giant gecko (D:8)
  4 orcs
  A giant cockroach (D:7)
  2 jackals (D:8)
  A quokka (D:6)
  A ball python (Sewer)
  2 goblin zombies (D:9)
  A hobgoblin zombie (D:9)
  A kobold (D:2)
  An orc skeleton (D:9)
  4 orc zombies (D:9)
47 creatures vanquished.

Vanquished Creatures (others)
  3 slaves (D:4)
  An iron imp (D:4)
  An ancestor (Sewer)
  4 bushes (D:9)
  4 fungi (D:9)
  11 plants (D:9)
24 creatures vanquished.

Grand Total: 201 creatures vanquished

Notes
Turn   | Place    | Note
--------------------------------------------------------------
     0 | D:1      | Leszczynek the Naga Transmuter began the quest for the Orb.
     0 | D:1      | Reached XP level 1. HP: 18/18 MP: 3/3
   130 | D:1      | Reached skill level 1 in Stealth
   179 | D:1      | Reached XP level 2. HP: 25/25 MP: 5/5
   184 | D:1      | Learned a level 2 spell: Sticks to Snakes
   687 | D:2      | Reached XP level 3. HP: 31/31 MP: 3/6
  1056 | D:2      | Learned a level 3 spell: Spider Form
  1309 | D:2      | Reached skill level 1 in Poison Magic
  1309 | D:2      | Reached XP level 4. HP: 36/38 MP: 7/7
  1408 | D:2      | Noticed Sigmund
  1608 | D:3      | Found a hazy altar of Hepliaklqana.
  1667 | D:3      | Noticed Jessica
  1668 | D:3      | Noticed Natasha
  1691 | D:3      | Noticed Grinder
  2351 | D:3      | Became a worshipper of Hepliaklqana
  2414 | D:4      | Noticed tstbtto's ghost (novice GrCK)
  2463 | D:4      | Noticed an ogre
  2515 | D:4      | Reached XP level 5. HP: 34/44 MP: 8/8
  2580 | D:4      | Found a glowing drain.
  2631 | Sewer    | Entered a sewer
  2850 | D:4      | Found a burning altar of Makhleb.
  2850 | D:4      | Reached * piety under Hepliaklqana
  2857 | D:4      | Noticed a slave
  2868 | D:4      | Noticed Pikel
  2869 | D:4      | Noticed a slave
  2871 | D:4      | Noticed a slave
  2891 | D:4      | Noticed a slave
  2907 | D:4      | Killed Pikel
  2907 | D:4      | Reached skill level 5 in Transmutations
  2907 | D:4      | Reached XP level 6. HP: 16/51 MP: 9/9
  2907 | D:4      | Reached XP level 7. HP: 18/57 MP: 10/10
  3663 | D:4      | Found a sparkling altar of Nemelex Xobeh.
  4019 | D:5      | Entered Level 5 of the Dungeon
  4693 | D:5      | Found an opulent altar of Gozag.
  5041 | D:6      | Reached XP level 8. HP: 54/67 MP: 11/11
  5076 | D:6      | Learned a level 5 spell: Blade Hands
  5142 | D:6      | Reached skill level 5 in Unarmed Combat
  5154 | D:6      | Found a staircase to the Ecumenical Temple.
  5198 | D:6      | Found a radiant altar of Vehumet.
  5198 | D:6      | Found a shadowy altar of Dithmenos.
  5227 | D:6      | Reached ** piety under Hepliaklqana
  5228 | D:6      | Remembered your ancestor Shatamurrim as a hexer
  5693 | D:6      | Found a sacrificial altar of Ru.
  6413 | D:7      | Reached XP level 9. HP: 62/73 MP: 12/12
  6430 | D:7      | Noticed Crazy Yiuf
  6442 | D:7      | Killed Crazy Yiuf
  6674 | D:7      | Noticed Menkaure
  6683 | D:7      | Killed Menkaure
  7173 | D:8      | Found a shimmering altar of Xom.
  7895 | D:8      | Found a glowing silver altar of Zin.
  8110 | D:9      | Found a staircase to the Orcish Mines.
  8287 | D:9      | Reached *** piety under Hepliaklqana
  8368 | D:8      | Noticed a two-headed ogre
  8942 | D:9      | Reached skill level 5 in Spellcasting
  8982 | D:9      | HP: 5/73 [two-headed ogre/giant club (18)]
  8983 | D:9      | Annihilated by a two-headed ogre

Vault maps used:
D:1:      dpeg_arrival_pond
D:2:      uniq_sigmund
D:3:      lemuel_crystal_altar, uniq_jessica, uniq_grinder, uniq_natasha
D:4:      demons_altar, nemelex_xobeh_ov_fountains_minmay, first_bread,
          gup_sewer_entry_glass, uniq_pikel
D:5:      nicolae_overflow_hidden_temple, minmay_misc_feat_encased,
          lemuel_old_faithful
D:6:      nicolae_ru_the_path_less_chosen, gammafunk_temple_overflow_elements,
          minmay_temple_entry_statues_fountains
D:7:      serial_curves, eino_curves_02, eino_curves_01,
          uniq_crazy_yiuf_cottage, uniq_menkaure
D:8:      kennysheep_little_box, marbit_many_paths, grunt_pizzeria,
          hangedman_decor_opposing
D:9:      old_standard_altar, gammafunk_pakellas_cloud_experiment,
          minmay_lair_entry_grove, zombieorc1_lemuel
Sewer:    sewer_minmay_treatment

Skill      XL: |  1  2  3  4  5  6  7  8  9 |
---------------+----------------------------+-----
Stealth        | 2 4 |  4.5
Poison Magic   | 1 2 6 |  6.1
Transmutations | 3 5 7 8 |  8.0
Fighting       | 2 |  2.1
Unarmed Combat | 4 6 8 |  8.4
Spellcasting   | 5 |  5.0
Dodging        | |  1.5

Action                   |  1- 3 |  4- 6 |  7- 9 || total
-------------------------+-------+-------+-------++-------
Melee: Unarmed           |    44 |       |    61 ||   105
       Headbutt          |     1 |       |       ||     1
       Short sword       |    17 |    83 |   394 ||   494
       Punch             |       |     1 |     9 ||    10
 Cast: Beastly Appendage |     9 |       |       ||     9
       Sticks to Snakes  |     1 |     3 |     7 ||    11
       Blade Hands       |       |       |     2 ||     2
Invok: Recall Ancestor   |       |       |     2 ||     2
       Ancestor Life: He |       |       |     1 ||     1
 Abil: Spit Poison       |    13 |    10 |    10 ||    33
Evoke: Wand              |       |       |     3 ||     3
  Use: Scroll            |     2 |       |    13 ||    15
       Potion            |       |     6 |     4 ||    10
 Stab: Sleeping          |     3 |     3 |    19 ||    25
       Distracted        |       |       |     8 ||     8
       Confused          |       |       |     6 ||     6
  Eat: Chunk             |     2 |     4 |     8 ||    14
       Beef jerky        |       |       |     2 ||     2
       Bread ration      |       |       |     1 ||     1
       Pizza             |       |       |     3 ||     3
Armor: Robe              |    12 |     9 |   156 ||   177
Dodge: Dodged            |    33 |    43 |   232 ||   308
